 Dungeon Crawl Stone Soup version 0.27.0-1-g7a089689b8 (webtiles) character file.

Game seed: 9809225180333876939

60 HungrySpirit the Skirmisher (level 4, -1/29 HPs)
             Began as a Gargoyle Fighter on Aug 1, 2021.
             Slain by an orc priest (3 damage)
             ... on level 2 of the Dungeon.
             The game lasted 00:02:45 (2161 turns).

HungrySpirit the Skirmisher (Gargoyle Fighter)      Turns: 2161, Time: 00:02:45

Health: -1/29      AC: 11    Str: 20    XL:     4   Next: 6%
Magic:  4/4        EV:  9    Int:  8    God:
Gold:   41         SH:  0    Dex: 10    Spells: 3/3 levels left

rFire    . . .     SeeInvis .   e - +2 whip (elec)
rCold    . . .     Faith    .   (no shield)
rNeg     + . .     Spirit   .   b - +0 scale mail
rPois    ∞         Reflect  .   k - +0 helmet
rElec    +         Harm     .   (no cloak)
rCorr    .         Rampage  .   (no gloves)
Will     .....                  (no boots)
Stlth    ..........             (no amulet)
HPRegen  0.09/turn              (no ring)
MPRegen  0.09/turn              (no ring)

@: no status effects
A: sickness immunity, AC +3, negative energy resistance 1, electricity
resistance, torment resistance 1, petrification resistance
a: no special abilities


You were on level 2 of the Dungeon.
You visited 1 branch of the dungeon, and saw 2 of its levels.

You collected 125 gold pieces.
You spent 84 gold pieces at shops.

Inventory:

Hand Weapons
 a - a +0 flail
 e - a +2 whip of electrocution (weapon)
Missiles
 f - 14 poisoned darts (quivered)
 i - 2 throwing nets
Armour
 b - a +0 scale mail (worn)
 c - a +0 kite shield
 k - a +0 helmet (worn)
Wands
 h - a wand of flame (25)
Scrolls
 j - a scroll of teleportation {unknown}
 m - a scroll of fog {unknown}
Potions
 d - a potion of might
 g - a potion of degeneration {unknown}
 n - a potion of haste {unknown}


   Skills:
 + Level 3.9 Fighting
 * Level 3.3 Maces & Flails
 + Level 3.8 Armour
 - Level 3.2 Shields


You had 3 spell levels left.
You didn't know any spells.
Your spell library was empty.

Dungeon Overview and Level Annotations

Branches:
Dungeon (2/15)

Altars:

Shops:
D:2 *


Innate Abilities, Weirdness & Mutations

You are immune to sickness and miasma.
Your stone body is resilient. (AC +3)
You are immune to poison.
You resist negative energy. (rN+)
You are resistant to electric shocks. (rElec)
You are resistant to unholy torment.
You are immune to petrification.


Message History

There is an entrance to Meiropokh's Assorted Antiques here.
l - a fizzy red potion;
m - a scroll labelled OLIGGY QAEMM
n - a lumpy dark potion Thank you for shopping at Meiropokh's Assorted Antiques!
You can access your shopping list by pressing '$'.
Okay, then.
An orc priest comes into view. It is wielding a +0 short sword.
An orc priest is nearby!
Throw: 15 darts (poison)
Press: ? - help, Q - select action, (/) - cycle Shift-Dir - straight line, f - orc priest
Aim: an orc priest, wielding a +0 short sword (56% to hit)
You throw a poisoned dart.
The poisoned dart closely misses the orc priest.
An orc priest comes into view. It is wielding a +0 flail.
The orc priest calls down the wrath of Beogh upon you.
Beogh smites you!
It was a potion of heal wounds.
You feel much better.
You swing at nothing.
You hit the orc priest.
The orc priest is lightly wounded.
The orc priest hits you but does no damage.
You hit the orc priest.
The orc priest is moderately wounded.
You barely miss the orc priest.
The orc priest is moderately wounded.
The orc priest calls down the wrath of Beogh upon you.
Beogh smites you!
You hit the orc priest.
The orc priest is heavily wounded.
The orc priest hits you with a +0 short sword.
You closely miss the orc priest.
The orc priest is heavily wounded.
The orc priest invokes the aid of Beogh against you.
Beogh smites you!
* * * LOW HITPOINT WARNING * * *
Okay, then.
You hit the orc priest.
The orc priest is almost dead.
The orc priest hits you with a +0 short sword.
You die...

#.# #..............
#.# #..............
#.####.............o
#.#.................
#.#.##..............
#.#.##........#####.
######.#...o≈≈≈....#
#.
#......#o#..≈(≈....#
#.
#.######@#..≈≈≈....#
#. #.# #.##........#
#. #.# #.##........#
#. #.# #.###########
#. #.# #.# ## #.#
#.# #.# #.# #.# #.#
#.# #.#


You could see an orc priest.

Vanquished Creatures
  2 adders (D:2)
  3 dart slugs
  4 orcs
  4 endoplasms
  A giant cockroach (D:1)
  2 hobgoblins (D:1)
  A quokka (D:1)
  4 ball pythons
  4 bats
  A frilled lizard (D:2)
  3 goblins
  4 kobolds
33 creatures vanquished.

Notes
Turn   | Place    | Note
-------+----------+-------------------------------------------
     0 | D:1      | HungrySpirit the Gargoyle Fighter began the quest for the
                  | Orb.
     0 | D:1      | Reached XP level 1. HP: 14/14 MP: 1/1
   162 | D:1      | Reached XP level 2. HP: 19/19 MP: 2/2
  1187 | D:2      | Reached XP level 3. HP: 19/24 MP: 3/3
  2039 | D:2      | Reached XP level 4. HP: 28/29 MP: 4/4
  2039 | D:2      | Found Meiropokh's Assorted Antiques.
  2047 | D:2      | Bought a fizzy red potion for 27 gold pieces
  2047 | D:2      | Bought a scroll labelled OLIGGY QAEMM for 30 gold pieces
  2047 | D:2      | Bought a lumpy dark potion for 27 gold pieces
  2161 | D:2      | Slain by an orc priest

Illustrated notes

Levels and vault maps discovered:
D:1:      nzn_arrival_crosshair, layout_loops_corners, minmay_stone_trees_small
D:2:      cheibrodos_pilgrimage, layout_basic, serial_shops,
          nicolae_shop_crystal, corexii_item_surrounded_by_moat

Skill      XL: |  1  2  3 |
---------------+----------+-----
Maces & Flails | 3 |  3.3
Fighting       | |  3.9
Armour         | |  3.8
Shields        | |  3.2

Action                   |  1- 3 |  4- 6 || total
-------------------------+-------+-------++-------
Melee: Flail             |    22 |       ||    22
       Whip              |    58 |     6 ||    64
Throw: Dart              |       |     1 ||     1
  Use: Potion            |       |     1 ||     1
Armor: Scale mail        |    60 |     1 ||    61
Dodge: Dodged            |    44 |       ||    44
